Map: Beckett Industries LE

Players

crazystone

  • Race: Zerg Zerg
  • League: Platinum
  • Spawn Location: 1:00

Pumba - Winner!

  • Race: Protoss Protoss
  • League: Platinum
  • Spawn Location: 7:00

VOD

Have the link to the VOD?

Description

Time

  • Played on: Feb. 8, 2022, 7:01 p.m.
  • Length: 9:15
Show
View Real Time Build Order
Export as new Build Order

crazystone Zerg 

Build Orders: Pool First 

Get SALT Encoding   

  12  0:18  Spawning Pool  
  11  0:21  Drone  
  11  0:26  Drone  
  13  0:31  Drone  
  14  0:41  Overlord  
  14  1:04  Queen  
  14  1:05  Zergling x2  
  14  1:06  Zergling x4  
  19  1:18  Zergling x2  
  20  1:37  Hatchery  
  19  1:46  Drone x2  
  21  1:58  Drone  
  21  2:22  Overlord  
  21  2:36  Drone, Extractor  
  21  2:39  Overlord  
  21  2:44  Hatchery  
  20  2:55  Drone x3  
  20  2:56  Drone  
  24  3:02  Queen  
  28  3:14  Drone x4  
  28  3:17  Drone  
  27  3:51  Extractor  
  25  3:57  Drone x7  
  25  3:58  Drone  
  33  4:04  Queen  
  33  4:07  Drone  
  33  4:09  Drone  
  37  4:15  Drone  
  37  4:16  Drone  
  39  4:25  Metabolic Boost  
  39  4:27  Drone x2  
  41  4:33  Drone x3  
  41  4:35  Drone  
  45  4:40  Drone x2  
  47  4:50  Spore Crawler  
  47  4:52  Spore Crawler  
  45  5:04  Lair  
  45  5:05  Drone x4  
  46  5:17  Drone x3  
  46  5:18  Drone  
  49  5:22  Spore Crawler  
  49  5:23  Overlord x2  
  49  5:24  Overlord  
  45  5:40  Drone x4  
  49  5:49  Drone  
  50  5:50  Queen, Drone x5  
  50  5:54  Burrow  
  57  5:58  Zergling x6  
  60  6:10  Extractor  
  59  6:14  Hydralisk Den  
  58  6:21  Zergling x2  
  58  6:22  Zergling x10  
  64  6:26  Drone, Pneumatized Carapace  
  65  6:39  Zergling x10  
  64  7:07  Drone  
  64  7:08  Drone x8  
  71  7:11  Extractor  
  71  7:12  Extractor  
  71  7:14  Evolution Chamber x2  
  62  7:15  Drone  
  62  7:16  Drone  
  62  7:17  Evolution Chamber  
  59  7:23  Muscular Augments  
  59  7:27  Drone x3  
  59  7:28  Extractor  
  61  7:37  Hatchery  
  61  7:43  Queen  
  62  7:45  Hatchery, Overlord x5  
  61  8:00  Hydralisk x2  
  65  8:17  Zergling x18  
  74  8:22  Drone x3  
  74  8:23  Drone, Spire  
  77  8:53  Overseer  
Show
View Real Time Build Order
Export as new Build Order

Pumba Protoss - Winner!

Build Orders: Zealot Archon 

Get SALT Encoding   

  12  0:00  Probe  
  13  0:12  Probe  
  14  0:19  Pylon  
  14  0:24  Probe  
  15  0:37  Probe (Chrono Boost)  
  15  0:39  Gateway  
  16  0:49  Probe (Chrono Boost), Assimilator  
  17  0:55  Probe (Chrono Boost)  
  18  1:04  Probe  
  19  1:16  Probe  
  20  1:26  Pylon  
  20  1:27  Zealot (Chrono Boost)  
  20  1:29  Cybernetics Core  
  20  1:32  Gateway  
  22  1:47  Zealot (Chrono Boost)  
  24  2:08  Adept (Chrono Boost)  
  26  2:24  Warp Gate  
  26  2:25  Nexus  
  26  2:26  Adept  
  26  2:28  Probe  
  29  2:35  Pylon  
  29  2:38  Assimilator  
  29  2:43  Probe  
  30  3:04  Probe  
  31  3:09  Stargate  
  31  3:16  Probe  
  32  3:20  Pylon  
  32  3:58  Probe x2 (Chrono Boost)  
  32  4:00  Oracle (Chrono Boost)  
  37  4:07  Probe (Chrono Boost)  
  37  4:08  Probe (Chrono Boost)  
  39  4:12  Probe (Chrono Boost)  
  39  4:15  Probe  
  41  4:24  Probe  
  41  4:27  Probe  
  43  4:31  Nexus  
  43  4:32  Pylon  
  43  4:34  Oracle (Chrono Boost)  
  43  4:38  Probe (Chrono Boost)  
  47  4:39  Probe (Chrono Boost)  
  48  4:47  Assimilator  
  48  4:50  Assimilator  
  48  4:51  Probe (Chrono Boost)  
  50  4:54  Probe (Chrono Boost)  
  50  4:57  Twilight Council  
  50  4:59  Forge  
  50  5:00  Robotics Facility  
  50  5:04  Probe x2  
  52  5:16  Probe  
  52  5:17  Probe  
  54  5:29  Probe x2  
  56  5:41  Probe x2  
  58  5:46  Gateway  
  58  5:49  Protoss Ground Weapons Level 1 (Chrono Boost), Gateway  
  58  5:51  Charge  
  58  5:52  Gateway x2  
  58  5:53  Observer (Chrono Boost), Probe x2  
  61  5:59  Gateway  
  61  6:01  Gateway  
  61  6:05  Probe x2  
  65  6:20  Probe (Chrono Boost)  
  65  6:22  Probe x2 (Chrono Boost)  
  65  6:24  Immortal (Chrono Boost)  
  66  6:29  Probe (Chrono Boost)  
  66  6:32  Probe x2 (Chrono Boost)  
  73  6:33  Templar Archives  
  73  6:34  Pylon  
  73  6:40  Pylon x2  
  73  6:42  Probe x2, Pylon  
  73  6:43  Pylon  
  73  6:46  Pylon  
  75  6:51  Zealot x3  
  79  6:55  Zealot x2  
  79  6:59  Zealot  
  77  7:10  Zealot x2  
  77  7:13  Zealot x3  
  79  7:22  Shield Battery  
  80  7:25  Immortal (Chrono Boost)  
  83  7:37  High Templar  
  83  7:38  High Templar x5  
  83  7:42  Archon  
  83  7:43  Archon x2  
  95  7:46  Photon Cannon  
  95  7:48  Photon Cannon  
  95  7:56  Warp Prism  
  97  8:00  Zealot x2  
  97  8:03  Pylon  
  101  8:07  Probe  
  101  8:08  Pylon x2  
  101  8:10  Pylon  
  101  8:12  Pylon  
  102  8:26  Zealot x2  
  102  8:27  Zealot x6  
  115  8:47  Gateway  
  115  8:49  Gateway  
  115  8:50  Zealot x5, Gateway  
  115  8:51  Gateway  
  115  8:52  Zealot  
  127  9:05  Zealot x2  
Tags
 
Add a new tag
Caveats
  • Supply blocks, unpowered buildings, or Contaminate may cause inaccurate times.
  • Supply counts are checked every 10 seconds.